 Dungeon Crawl Stone Soup version 0.21-a0-536-gdbbf329 (webtiles) character file.

5138 solxrula the Basher (level 10, -12/96 HPs)
             Began as a Troll Berserker on Dec 15, 2017.
             Was a High Priest of Trog.
             Mangled by a two-headed ogre
             ... wielding a +0 giant club
              (30 damage)
             ... on level 8 of the Dungeon.
             The game lasted 00:32:07 (6531 turns).

solxrula the Basher (Troll Berserker)               Turns: 6531, Time: 00:32:08

Health: -12/96     AC: 13    Str: 32    XL:     10   Next: 33%
Magic:  9/9        EV: 12    Int:  6    God:    Trog [*****.]
Gold:   361        SH:  0    Dex: 10    Spells: 9/9 levels left

rFire    . . .     SeeInvis .   o - +2 flail (protect)
rCold    . . .     Gourm    +   (no shield)
rNeg     . . .     Faith    .   n - +1 robe
rPois    .         Spirit   .   (helmet restricted)
rElec    .         Reflect  .   (no cloak)
rCorr    .         Harm     .   (gloves unavailable)
MR       ++...                  (boots unavailable)
Stlth    ++........             (no amulet)
HPRegen  1.66/turn              q - +3 ring of strength
MPRegen  0.11/turn              h - +3 ring of intelligence

@: lethally poisoned (-12 -> -12), protection aura, berserk cooldown,
regenerating, slowed, very slow
A: large, unfitting armour, claws 3, fast metabolism 3, gourmand, regeneration
1, shaggy fur 1, tough skin 2
a: Berserk, Trog's Hand, Brothers in Arms, Burn Spellbooks, Renounce Religion


You were on level 8 of the Dungeon.
You worshipped Trog.
Trog was extremely pleased with you.
You were very full.

You visited 1 branch of the dungeon, and saw 8 of its levels.

You collected 361 gold pieces.

Inventory:

Hand Weapons
 o - a +2 flail of protection (weapon)
 s - a +0 dire flail
 v - a +1 battleaxe of flaming
Armour
 b - a +0 animal skin
 n - a +1 robe (worn)
Jewellery
 g - the ring "Ypheoq" {rElec Stlth+}
   (You found it on level 4 of the Dungeon)

   [ring of stealth]

   It insulates you from electricity.
   It makes you more stealthy.
 h - a +3 ring of intelligence (right claw)
 p - a +6 ring of strength
 q - a +3 ring of strength (left claw)
 r - the ring "Maquil" {rF+ rC+ MR+ AC+3}
   (You took it off an orc wizard on level 6 of the Dungeon)

   [ring of protection]

   It affects your AC (+3).
   It protects you from fire.
   It protects you from cold.
   It affects your resistance to hostile enchantments.
 u - a +3 ring of protection
Scrolls
 d - 5 scrolls of remove curse
 e - 3 scrolls of teleportation
 l - 2 scrolls of fear
Potions
 a - a potion of heal wounds
Books
 k - a book of Cantrips

   Spells                             Type                      Level
   a - Confusing Touch                Hexes                        1
   b - Animate Skeleton               Necromancy                   1
   c - Summon Small Mammal            Summoning                    1
   d - Apportation                    Translocation                1
   Trog disapproves of the use of such an item.
 t - a book of Necromancy

   Spells                             Type                      Level
   a - Pain                           Necromancy                   1
   b - Animate Skeleton               Necromancy                   1
   c - Vampiric Draining              Necromancy                   3
   d - Regeneration                   Charms/Necromancy            3
   e - Animate Dead                   Necromancy                   4
   f - Control Undead                 Necromancy                   4
   Trog disapproves of the use of such an item.
Comestibles
 c - 6 bread rations
 f - a chunk of flesh
 i - 2 meat rations
 j - 3 royal jellies
 m - 7 fruits


   Skills:
 + Level 5.2 Fighting
 * Level 11.6 Maces & Flails
 + Level 5.5 Dodging
 + Level 1.9 Stealth


You had 9 spell levels left.
You didn't know any spells.

Dungeon Overview and Level Annotations

Branches:
Dungeon (8/15)             Temple (0/1) D:6
   Lair: D:8-11

Altars:
Ashenzari
Cheibriados
Fedhas
Gozag
Hepliaklqana
Okawaru
Uskayaw
Vehumet
Wu Jian
The Shining One

Shops:
D:4 [   D:5 (


Innate Abilities, Weirdness & Mutations

You are too large for most types of armour.
You have claws for hands.
Your metabolism is lightning-fast.
You like to eat raw meat.
Your natural rate of healing is unusually fast.
You are covered in fur. (AC +1)
You have very tough skin. (AC +2)


Message History

The bullfrog hits you but does no damage.
You miss the bullfrog.
The bullfrog is severely wounded.
You feel sick.
You thump the bullfrog!
You kill the bullfrog!
Trog accepts your kill.
You feel sick.
You climb downwards.
You feel a strong urge to attack something.
You are no longer berserk.
You are exhausted.
You feel yourself slow down.
You feel sick.
The killer bee stings you but does no damage.
The orc priest mumbles some strange prayers to Beogh against you.
Beogh smites you!
* * * LOW HITPOINT WARNING * * *
The bullfrog skeleton hits you but does no damage.
The two-headed ogre hits you with a giant club!!
You die...

................
................
................
...?.(..........
................
................
................
......yZ@.......
.......Oy.......
........o.......
................
..%.............
................
..........(.....
........###...o.


You could see a two-headed ogre, 2 killer bees, an orc priest, an orc and a
bullfrog skeleton.

Vanquished Creatures
  A two-headed ogre (D:7)
  The ghost of sorrytornado the Twirler, a novice DsGl (D:6)
  The ghost of gregunderscorem the Ducker, a novice OpTm of Cheibriados (D:4)
  Prince Ribbit (D:7)
  2 hippogriffs (D:7)
  Sigmund (D:2)
  A water moccasin (D:7)
  Duvessa (D:5)
  3 orc warriors
  A sky beast (D:6)
  2 black bears
  3 ogres
  A phantom (D:5)
  2 centaurs
  3 bullfrogs
  A water moccasin zombie (D:7)
  Dowan (D:5)
  A water moccasin skeleton (D:4)
  2 scorpions (D:6)
  11 killer bees (D:7)
  The ghost of sorrytornado the Insei, a weakling DsTm (D:3)
  2 crimson imps
  A bullfrog zombie (D:6)
  2 hounds
  4 orc priests
  A bullfrog skeleton (D:4)
  A centaur skeleton (D:7)
  An iguana (D:5)
  Natasha (D:6)
  8 orc wizards
  3 worker ants
  A hound skeleton (D:5)
  A worker ant zombie (D:6)
  8 adders
  2 oozes
  2 adder skeletons
  An adder zombie (D:6)
  A worm (D:2)
  2 dart slugs
  7 leopard geckos
  33 orcs
  2 ball pythons
  A giant cockroach (D:1)
  7 goblins
  10 hobgoblins
  10 jackals
  5 quokkas
  10 bats
  4 frilled lizards
  A jackal skeleton (D:5)
  11 kobolds
  A quokka zombie (D:5)
  9 rats
194 creatures vanquished.

Notes
Turn   | Place    | Note
-------+----------+-------------------------------------------
     0 | D:1      | solxrula the Troll Berserker began the quest for the Orb.
     0 | D:1      | Reached XP level 1. HP: 22/22 MP: 0/0
   245 | D:1      | Reached skill level 3 in Maces & Flails
   247 | D:1      | Reached XP level 2. HP: 17/29 MP: 1/1
   735 | D:2      | Reached XP level 3. HP: 35/36 MP: 2/2
   747 | D:2      | Found a hide-covered altar of Uskayaw.
   757 | D:2      | Reached ** piety under Trog
   801 | D:2      | Found a radiant altar of Vehumet.
  1064 | D:2      | Reached skill level 4 in Maces & Flails
  1064 | D:2      | Reached XP level 4. HP: 43/44 MP: 3/3
  1103 | D:2      | Noticed Sigmund
  1122 | D:2      | Killed Sigmund
  1122 | D:2      | Reached skill level 5 in Maces & Flails
  1122 | D:2      | Reached XP level 5. HP: 52/52 MP: 4/4
  1354 | D:3      | Found a shattered altar of Ashenzari.
  1661 | D:3      | Reached XP level 6. HP: 59/59 MP: 5/5
  1723 | D:3      | Noticed sorrytornado's ghost (weakling DsTm)
  1735 | D:3      | Killed sorrytornado's ghost
  1736 | D:3      | Reached *** piety under Trog
  2111 | D:4      | Noticed gregunderscorem's ghost (novice OpTm)
  2130 | D:4      | Killed gregunderscorem's ghost
  2130 | D:4      | Reached skill level 6 in Maces & Flails
  2130 | D:4      | Reached skill level 1 in Stealth
  2130 | D:4      | Reached XP level 7. HP: 67/67 MP: 6/6
  2480 | D:4      | Found Ygyimmia's Armour Emporium.
  2532 | D:4      | Reached skill level 7 in Maces & Flails
  2684 | D:4      | Got a twitching wooden ring
  2704 | D:4      | Reached XP level 8. HP: 72/75 MP: 7/7
  2948 | D:5      | Entered Level 5 of the Dungeon
  2949 | D:5      | Noticed Dowan
  2979 | D:5      | Reached **** piety under Trog
  2986 | D:5      | Noticed Duvessa
  3037 | D:5      | Killed Duvessa
  3037 | D:5      | Reached skill level 8 in Maces & Flails
  3054 | D:5      | Killed Dowan
  3169 | D:5      | Found a blossoming altar of Fedhas.
  3204 | D:5      | Found an ornate altar of the Wu Jian Council.
  3536 | D:5      | Identified the ring "Ypheoq" {rElec Stlth+} (You found it on level 4 of the Dungeon)
  3775 | D:5      | Found Rateff's Antique Weapon Shop.
  4381 | D:6      | Reached skill level 9 in Maces & Flails
  4428 | D:6      | Found an iron altar of Okawaru.
  4461 | D:6      | HP: 3/78 [orc wizard/magic dart (5)]
  4730 | D:6      | Reached XP level 9. HP: 83/84 MP: 8/8
  4733 | D:6      | Found a staircase to the Ecumenical Temple.
  4817 | D:6      | Got a brightly glowing lead ring
  4941 | D:6      | Noticed sorrytornado's ghost (novice DsGl)
  4973 | D:6      | Killed sorrytornado's ghost
  5235 | D:6      | Found an opulent altar of Gozag.
  5294 | D:6      | Reached skill level 10 in Maces & Flails
  5306 | D:6      | Found a snail-covered altar of Cheibriados.
  5352 | D:6      | Noticed Natasha
  5361 | D:6      | Killed Natasha
  5389 | D:6      | Identified the ring "Maquil" {rF+ rC+ MR+ AC+3} (You took it off an orc wizard on level 6 of the Dungeon)
  5656 | D:7      | Reached skill level 5 in Dodging
  5730 | D:7      | Found a hazy altar of Hepliaklqana.
  5798 | D:7      | Reached ***** piety under Trog
  6071 | D:7      | Found a glowing golden altar of the Shining One.
  6102 | D:7      | Noticed Prince Ribbit
  6109 | D:7      | Killed Prince Ribbit
  6109 | D:7      | Reached skill level 11 in Maces & Flails
  6196 | D:7      | Reached XP level 10. HP: 94/94 MP: 9/9
  6430 | D:8      | Noticed a two-headed ogre
  6481 | D:7      | Killed a two-headed ogre
  6481 | D:7      | Reached skill level 5 in Fighting
  6516 | D:8      | Noticed a two-headed ogre
  6531 | D:8      | Mangled by a two-headed ogre

Vault maps used:
D:1:      scummos_arrival_simple_crosswalls
D:2:      fiery_altar_vehumet, old_standard_altar, uniq_sigmund
D:3:      ashenzari_conservatory_becter, minmay_stone_trees_small,
          minmay_item_behind_shaft, guppyfry_early_orc_mine, uniq_natasha
D:4:      serial_shops, shop
D:5:      kennysheep_mini_moat, serial_shops, shop_statue, first_bread,
          fedhas_altar_3, uniq_duvessa
D:6:      cheibriados_altar_1, kennysheep_little_box, lemuel_doored_altar,
          temple_fountains, grunt_ministairs_10
D:7:      nicolae_overflow_hidden_temple, tso_oasis_becter,
          kennysheep_big_empty_room, uniq_prince_ribbit1
D:8:      kennysheep_mini, bh_walls_and_bars

Skill      XL: |  1  2  3  4  5  6  7  8  9 10 |
---------------+-------------------------------+-----
Maces & Flails | 3 4 5 6 7 9 11 | 11.6
Dodging        | 3 4 5 |  5.5
Fighting       | 3 4 5 |  5.2
Stealth        | 1 |  1.9

Action                   |  1- 3 |  4- 6 |  7- 9 | 10-12 || total
-------------------------+-------+-------+-------+-------++-------
Melee: Mace              |   138 |   133 |   102 |       ||   373
       Flail             |       |       |   395 |    42 ||   437
Invok: Berserk           |       |     3 |     6 |     2 ||    11
       Trog's Hand       |       |       |       |     1 ||     1
  Use: Scroll            |     5 |     4 |     8 |     1 ||    18
       Potion            |     2 |     3 |     9 |       ||    14
 Stab: Sleeping          |     1 |       |     1 |       ||     2
       Invisible         |       |       |     3 |       ||     3
  Eat: Chunk             |    14 |     8 |    43 |     7 ||    72
       Bread ration      |       |       |     1 |       ||     1
Armor: Animal skin       |    54 |     2 |       |       ||    56
       Robe              |       |    37 |   193 |    32 ||   262
Dodge: Dodged            |    93 |    65 |   226 |    43 ||   427

Table legend:
 A = Spawn XP
 B = Non-spawn XP
 C = Spawn XP percentage of total XP
 D = Spawn monster count
 E = Non-spawn monster count
 F = Spawn count percentage of total count
 G = Total turns spent on level
                    A         B        C        D         E        F      G
               +---------+---------+-------+---------+---------+-------+---------
         Total |       0 |    7341 |   0.0 |       0 |     194 |   0.0 |  6531
               +---------+---------+-------+---------+---------+-------+---------
           D:1 |       0 |      22 |   0.0 |       0 |      16 |   0.0 |   605
           D:2 |       0 |     325 |   0.0 |       0 |      29 |   0.0 |   715
           D:3 |       0 |     152 |   0.0 |       0 |      31 |   0.0 |   723
           D:4 |       0 |    1116 |   0.0 |       0 |      36 |   0.0 |   926
           D:5 |       0 |     745 |   0.0 |       0 |      24 |   0.0 |  1339
           D:6 |       0 |    1661 |   0.0 |       0 |      28 |   0.0 |  1266
           D:7 |       0 |    3317 |   0.0 |       0 |      29 |   0.0 |   929
           D:8 |       0 |       3 |   0.0 |       0 |       1 |   0.0 |    28
               +---------+---------+-------+---------+---------+-------+---------
